 Dungeon Crawl Stone Soup version 0.16.1-2-g95b8d4c (webtiles) character file.

250984 magipi the Markscentaur (level 19, -29/160 HPs)
             Began as a Centaur Warper on Mar 16, 2015.
             Was a High Priest of Fedhas.
             Blown up by an ancient lich (108 damage)
             ... with an orb of destruction
             ... on level 2 of the Depths on Mar 24, 2015.
             The game lasted 07:12:08 (81252 turns).

magipi the Markscentaur (Centaur Warper)           Turns: 81252, Time: 07:12:08

Health: -29/160    AC: 31    Str: 14    XL:     19   Next: 31%
Magic:  21/31      EV: 15    Int: 12    God:    Fedhas [*****.]
Gold:   1911       SH:  0    Dex: 18    Spells: 5 memorised, 14 levels left

rFire  + . .     SeeInvis .     b - +5 longbow (flame)
rCold  + . .     Clarity  .     v - +7 ring mail of Qulaxor {+Blink MR+ Str-2 Dex+3}
rNeg   . . .     SustAb   .     (no shield)
rPois  .         Gourm    .     O - +1 helmet
rElec  .         Spirit   .     M - +2 cloak {+Inv}
rCorr  +         Warding  .     A - +1 pair of gloves
rMut   .         Stasis   .     S - +3 centaur barding
MR     ++...                    s - amulet of resist corrosion
Stlth  +.........               c - ring of protection from cold
                                f - ring of protection from fire

@: lethally poisoned (-29 -> -30), very quick, very resistant to hostile
enchantments, very unstealthy
A: hooves 3, deformed body, speed 2, tough skin 3
a: Evolution, Sunlight, Growth, Reproduction, Rain, Renounce Religion, Evoke
Blink, Evoke Invisibility
}: 1/15 runes: decaying


You were on level 2 of the Depths.
You worshipped Fedhas.
Fedhas was extremely pleased with you.
You were not hungry.

You visited 8 branches of the dungeon, and saw 42 of its levels.

You collected 4353 gold pieces.
You spent 2442 gold pieces at shops.

Inventory:

Hand weapons
 a - a +2 trident of draining
 b - a +5 longbow of flaming (weapon)
 F - a +0 blowgun
Missiles
 x - 78 poisoned needles
 H - 11 arrows of frost
 L - 3 curare-tipped needles
 N - 175 arrows (quivered)
Armour
 v - the +7 ring mail of Qulaxor (worn) {+Blink MR+ Str-2 Dex+3}
   (You found it on level 6 of the Dungeon)

   It affects your strength (-2).
   It affects your dexterity (+3).
   It affects your resistance to hostile enchantments.
   It lets you blink.
 A - a +1 pair of gloves (worn)
 M - a +2 cloak of invisibility (worn)
 O - a +1 helmet (worn)
 S - a +3 centaur barding (worn)
Jewellery
 c - a ring of protection from cold (right hand)
 f - a ring of protection from fire (left hand)
 s - an amulet of resist corrosion (around neck)
 t - an uncursed ring of protection from fire
 U - an uncursed amulet of resist mutation
Magical devices
 n - a wand of fireball (7)
 u - a wand of disintegration (5)
 Q - a wand of hasting (6)
 R - a wand of cold (1)
 V - a wand of fireball (1)
 X - a wand of digging (11)
Scrolls
 k - 11 scrolls of remove curse
 m - 8 scrolls of teleportation
 q - a scroll of recharging
 y - 5 scrolls of fear
 z - 5 scrolls of magic mapping
 W - 5 scrolls of fog
 Y - 5 scrolls of identify
Potions
 g - a potion of cancellation
 i - a potion of might
 o - 15 potions of curing
 p - 2 potions of brilliance
 r - 2 potions of cure mutation
 D - 3 potions of agility
 J - 8 potions of restore abilities
 K - 5 potions of flight
 P - 2 potions of haste
 T - 5 potions of magic
 Z - 5 potions of berserk rage
Books
 d - a book of Spatial Translocations

   Spells                             Type                      Level
   a - Apportation                    Translocation                1
   b - Blink                          Translocation                2
   c - Shroud of Golubria             Charms/Translocation         2
   d - Portal Projectile              Translocation                3
   e - Teleport Other                 Translocation                3
   f - Passage of Golubria            Translocation                4
 e - a book of Dreams

   Spells                             Type                      Level
   a - Ensorcelled Hibernation        Hexes/Ice                    2
   b - Flight                         Charms/Air                   3
   c - Phase Shift                    Translocation                5
   d - Shadow Creatures               Summoning                    5
   e - Mass Confusion                 Hexes                        6
   f - Darkness                       Hexes                        7
 I - a book of Air

   Spells                             Type                      Level
   a - Shock                          Conjuration/Air              1
   b - Swiftness                      Charms/Air                   2
   c - Repel Missiles                 Charms/Air                   2
   d - Flight                         Charms/Air                   3
   e - Static Discharge               Conjuration/Air              3
   f - Lightning Bolt                 Conjuration/Air              5
Miscellaneous
 B - a lamp of fire (inert)
 G - a phial of floods
Comestibles
 h - 5 meat rations
 j - 67 fruits
 l - 4 bread rations


   Skills:
 - Level 12.1 Fighting
 - Level 11.3 Polearms
 - Level 18.0 Bows
 - Level 1.3 Throwing
 - Level 9.0 Armour
 - Level 12.6 Dodging
   Level 8.4 Shields
 - Level 4.0 Spellcasting
 - Level 2.0 Charms
 + Level 10.2 Translocations
 - Level 2.0 Air Magic
 - Level 7.1 Invocations
 - Level 11.6 Evocations


You had 14 spell levels left.
You knew the following spells:

 Your Spells              Type           Power        Failure   Level  Hunger
a - Apportation           Tloc           ####......   1%          1    #......
b - Blink                 Tloc           N/A          1%          2    ##.....
c - Portal Projectile     Tloc           ####..       1%          3    ###....
d - Passage of Golubria   Tloc           N/A          8%          4    #####..
m - Repel Missiles        Chrm/Air       #.....       28%         2    ##.....


Dungeon Overview and Level Annotations

Branches:
Dungeon (15/15)            Temple (1/1) D:7            Lair (8/8) D:10
  Swamp (5/5) Lair:6       Spider (5/5) Lair:4        Slime (0/6) Lair:8
    Orc (4/4) D:12            Elf (0/3) Orc:4        Vaults (2/5) D:13
 Depths (2/5) D:15
  Crypt: Vaults:2-3

Altars:
Ashenzari
Cheibriados
Dithmenos
Elyvilon
Fedhas
Gozag
Kikubaaqudgha
Makhleb
Nemelex Xobeh
Okawaru
Qazlal
Ru
Sif Muna
Trog
Vehumet
Xom
Yredelemnul
Zin
The Shining One

Shops:
D:5 %   D:6 [   D:9 [   D:11 !   Orc:2 ?   Orc:4 !!%%:   Depths:1 :

Portals:
Hell: Depths:1 Depths:2
Abyss: Depths:1 Depths:2
Ziggurat: Depths:1

Annotations:
Lair:5 Nergalle
Swamp:3 Rupert
Spider:4 Mara


Innate Abilities, Weirdness & Mutations

You have hooves in place of feet.
Armour fits poorly on your strangely shaped body.
You cover ground very quickly.
You have extremely tough skin (AC +3).

Vault maps used:
D:1:      dpeg_arrival_three_same_balls
D:3:      first_bread, minmay_misc_feat_more_columns, trog_wizard, uniq_robin
D:4:      okawaru_metal_pillars_3, minmay_misc_feat_tiny, uniq_duvessa,
          uniq_grinder
D:5:      nicolae_ru_sacrificial_ziggurat, serial_shops, shop, basic_altar
D:6:      grunt_temple_overflow_order_and_chaos_1,
          gammafunk_temple_overflow_wave, serial_shops, shop
D:7:      minmay_temple_entry_glassed_door, kennysheep_generic_room_15
D:8:      blue_anna_alchemist
D:9:      old_standard_altar, serial_shops, shop, minmay_misc_feat_chi,
          uniq_blork_the_orc, uniq_prince_ribbit1, uniq_maurice
D:10:     dpeg_oklobed_lair, minmay_misc_feat_diagonals
D:11:     serial_shops, kennysheep_mini_moat
D:12:     orc_0_dummy, corexii_leaking_fountain, minmay_holes, uniq_joseph
D:13:     minmay_curly_fans, david_vaults_5,
          nicolae_dithmenos_through_a_glass_darkly, uniq_nessos
D:14:     basic_altar, fountainhead
D:15:     grunt_enter_depths_giant_problem, solitary_fountain,
          minmay_misc_feat_four_crosses, lemuel_statue_altar
Temple:   triangle_lava_temple_12
Lair:1:   grunt_megastairs_2, infiniplex_staircase_pool_2, serial_bayou_shore_b
Lair:2:   grunt_megastairs_1, uniq_harold
Lair:3:   enter_volcano_4, minivault_24
Lair:4:   spider_nest_entry_a, basic_altar, lemuel_fruit_tree
Lair:5:   serial_bayou_shore_b, uniq_nergalle
Lair:6:   swamp_mist
Lair:7:   infiniplex_staircase_pool
Lair:8:   evilmike_catoblepas_cave, minmay_slime_entry_pillars,
          grunt_megastairs_4
Swamp:1:  hangedman_swamp_pad
Swamp:2:  hangedman_swamp_ruin_wall
Swamp:3:  basic_altar, uniq_rupert
Swamp:4:  evilmike_swamp_ruin_house_1
Swamp:5:  swamp_alternative, swamp_pool1, nicolae_swamp_trees_clearing
Spider:2: uniq_agnes
Spider:3: spider_trap, uniq_azrael
Spider:4: hangedman_spider_tarantella_strand, uniq_arachne, uniq_mara
Spider:5: grunt_spider_rune_circles
Orc:1:    uniq_eustachio
Orc:2:    serial_shops, nicolae_shop_competitors_out_of_business, basic_altar
Orc:3:    nicolae_orc_pool_cavern
Orc:4:    st_orc_pillars, serial_shops, shop_coins, nicolae_orc_lava_room,
          uniq_donald
Vaults:1: v_misc_26, ontoclasm_vaults_ring_large,
          nicolae_vaults_stairing_the_circle, ontoclasm_vaults_shuriken,
          v_misc_15, hangedman_vaults_unwind, vaults_mumra_minichess_inversion,
          hangedman_vaults_stagger, vaults_room_hangedman_quadrants,
          vaults_room_corners, nicolae_vaults_asterisk, ontoclasm_vaults_hangar,
          vaults_room_stairs_pillars, uniq_saint_roka
Vaults:2: nicolae_vaults_sealed_display, v_alt_pattern_5,
          nicolae_vaults_border_crossing, hangedman_vaults_locks, v_pattern_5,
          nicolae_vaults_little_ls, v_misc_1, nicolae_vaults_asterisk,
          ontoclasm_vaults_twist, dpeg_vaults_waves, nicolae_vaults_shelves_hall
Depths:1: enter_ziggurat_f, hell_entry, hangedman_abyss_entry_splay,
          corexii_hall_statues_i, hangedman_decor_slide_cut,
          hangedman_abyss_or_decor_slice, kennysheep_small_square, uniq_wiglaf
Depths:2: minmay_skeletal_surprise, pf_hell_entry_tar_river, abyss_entry,
          kennysheep_another_room, spider_trap, grunt_absolute_annihilation,
          serial_bayou_shore_b, infiniplex_staircase_spiral_double,
          uniq_asterion


Message History

Press: ? - help, Dir - move target cursor, f - deep elf annihilator
Aim: a deep elf annihilator, wielding a long sword and wearing a leather armour (haloed)
The flames dance!
The trail of fire hits the deep elf annihilator.
The deep elf annihilator is lightly wounded.
You feel sick.
The deep elf annihilator is engulfed in roaring flames.
Unknown command.
Unknown command.
Casting: Portal Projectile
Confirm with . or Enter, or press ? or * to list all spells.
You begin teleporting projectiles to their destination.
You feel sick.
The deep elf annihilator is engulfed in roaring flames.
Firing (i - inventory. (,) - cycle):
N - 181 arrows (quivered)
Press: ? - help, Shift-Dir - straight line, f/p - deep elf annihilator
Aim: a deep elf annihilator, wielding a long sword and wearing a leather armour (haloed)
You magically shoot an arrow.
The arrow hits the deep elf annihilator!
The arrow burns the deep elf annihilator.
The deep elf annihilator is moderately wounded.
You feel sick.
The deep elf annihilator is engulfed in roaring flames.
The deep elf annihilator hits you with a rapier.
Firing (i - inventory. (,) - cycle):
N - 180 arrows (quivered)
Press: ? - help, Shift-Dir - straight line, f - deep elf annihilator, p - deep elf annihilator
Aim: a deep elf annihilator, wielding a rapier (flame, severely wounded)
You magically shoot an arrow.
The arrow hits the deep elf annihilator!
The arrow burns the deep elf annihilator.
The deep elf annihilator is almost dead.
You feel sick.
The deep elf annihilator is engulfed in roaring flames.
You kill the deep elf annihilator!
The deep elf annihilator is engulfed in roaring flames.
The deep elf annihilator mumbles some strange words.
The deep elf annihilator blinks!
Firing (i - inventory. (,) - cycle):
N - 179 arrows (quivered)
Press: ? - help, Shift-Dir - straight line, f - deep elf annihilator
Aim: a deep elf annihilator, wielding a long sword and wearing a leather armour (flame, heavily wounded)
You magically shoot an arrow.
The arrow barely misses the deep elf annihilator.
You hear some strange, mumbled words.
The wavering orb of destruction weakly hits you!
The deep elf annihilator is engulfed in roaring flames.
The deep elf annihilator mumbles some strange words.
The deep elf annihilator blinks!
Use which ability? (? or * to list) Select sunlight destination.
Press: ? - help, Dir - move target cursor In the bright light, you notice an invisible shape.
You feel slightly more hungry.
You feel sick.
The ancient lich touches you but does no damage.
Unknown command.
Unknown command.
Firing (i - inventory. (,) - cycle):
N - 178 arrows (quivered)
Press: ? - help, Shift-Dir - straight line, f - ancient lich
Aim: an ancient lich (slightly transparent, haloed)
You magically shoot an arrow.
The arrow hits the ancient lich but does no damage.
You are no longer teleporting projectiles to their destination.
You feel sick.
The ancient lich conjures an orb of pure magic.
The wavering orb of destruction weakly hits you!
Unknown command.
Firing (i - inventory. (,) - cycle):
N - 177 arrows (quivered)
Press: ? - help, Shift-Dir - straight line, f/p - ancient lich
Aim: an ancient lich (slightly transparent, haloed)
You shoot an arrow.
The arrow hits the ancient lich but does no damage.
You feel sick.
The deep elf annihilator points at you and mumbles some strange words.
The crystal spear hits your fire elemental.
Your fire elemental is destroyed!
The ancient lich launches a ball of destructive magic.
You feel sick.
The orb of destruction hits a stone wall.
You feel sick.
Firing (i - inventory. (,) - cycle):
N - 176 arrows (quivered)
Press: ? - help, Shift-Dir - straight line, f/p - ancient lich
Aim: an ancient lich (magical condensation, slightly transparent, haloed)
You shoot an arrow. The arrow hits the ancient lich!
The arrow burns the ancient lich.
The ancient lich is lightly damaged.
The deep elf annihilator casts a spell.
The deep elf annihilator blinks!
You feel sick.
The dead are walking!
An elf zombie comes into view.
Use which ability? (? or * to list) Select sunlight destination.
Press: ? - help, Dir - move target cursor You feel slightly more hungry.
You feel sick.
You hear some strange, mumbled words.
Unknown command.
The elf zombie moves out of view.
You feel sick. The orb of destruction hits you!
Ouch! That really hurt!
You die...
Fedhas appreciates your contribution to the ecosystem.

..#......# ##..#
..#......# #..#
).'......# ##.#####
###...#### #.)##.# #
##### ### #..#.##
##.## #.).## ### #.#.#
#...## #|.: #.#.#
##....#
(....#####.#.###@....#
:._.('.)Z§L§§§§§..⌠).#
.....##(#.###.#.#....#
#:.: #.#.# #.#.##...#
### #.#.# #.#.######
##.## ##.## ##########
### ..##..###
........#


You could see an ancient lich (invisible) and an elf zombie.

Table legend:
 A = Kills in this place as a percentage of kills in entire the game.
 B = Kills by you in this place as a percentage of kills by you in the entire game.
 C = Kills by friends in this place as a percentage of kills by friends in the entire game.
 D = Other kills in this place as a percentage of other kills in the entire game.
 E = Experience gained in this place as a percentage of experience gained in the entire game.
 F = Experience gained in this place divided by the number of levels of this place that you have seen.
                   A       B       C       D       E      F
               +-------+-------+-------+-------+-------+----------------------
         Total | 100.0 | 100.0 | 100.0 | 100.0 | 100.0 | 9701.4
       Dungeon |  29.8 |  30.5 |  19.8 |  16.7 |  14.5 | 3928.1
          Lair |  17.6 |  16.4 |  35.8 |   0.0 |  16.3 | 8306.0
         Swamp |   7.8 |   8.0 |   5.7 |   0.0 |  10.2 | 8298.8
   Spider Nest |  11.6 |  11.2 |  16.0 |  33.3 |  14.6 | 11899.8
  Orcish Mines |  14.8 |  15.4 |   4.7 |  33.3 |   4.2 | 4323.8
        Vaults |  12.2 |  12.3 |  10.4 |  16.7 |  22.2 | 45209.5
        Depths |   6.3 |   6.2 |   7.5 |   0.0 |  18.0 | 36691.5
               +-------+-------+-------+-------+-------+----------------------

Vanquished Creatures
  Saint Roka (Vaults:1)
  Arachne (Spider:4)
  2 liches (Depths:2)
  Asterion (Depths:2)
  Agnes (Spider:2)
  2 fire giants
  A frost giant (Depths:2)
  Donald (Orc:4)
  Wiglaf (Depths:1)
  A deep elf sorcerer (Vaults:2)
  3 emperor scorpions
  4 vault wardens
  4 ironheart preservers
  A war gargoyle (Vaults:2)
  4 stone giants
  A rakshasa (Vaults:2)
  2 dire elephants (Depths:2)
  Azrael (Spider:3)
  2 deep elf annihilators (Depths:2)
  An ettin (Vaults:2)
  2 minotaurs
  2 yaktaur captains
  6 fire dragons
  3 jiangshi (Depths:2)
  A ghost crab (Swamp:3)
  3 great orbs of eyes
  Harold (Lair:2)
  4 catoblepae
  A spriggan air mage (Depths:2)
  Nessos (D:13)
  19 hydras
  5 deep troll earth magi
  5 alligators
  7 ogre magi
  2 centaur warriors
  20 death yaks
  2 vampire magi
  A deep troll shaman (Depths:2)
  2 tengu warriors
  5 orc high priests (Orc:4)
  3 deep elf knights
  A fire crab (shapeshifter) (Vaults:2)
  7 skeletal warriors
  A shadow wraith (Vaults:1)
  6 unseen horrors
  A flayed ghost (Vaults:1)
  An iron troll (Depths:2)
  2 wizards (Depths:2)
  17 deep trolls
  A hill giant (D:15)
  2 giant orange brains
  8 ironbrand convokers
  A hill giant (shapeshifter) (Vaults:2)
  A deep elf summoner (Depths:1)
  3 deep elf conjurers
  5 griffons
  17 orc knights
  6 swamp dragons
  4 orc sorcerers
  18 wolf spiders
  9 orb spiders
  10 hornets
  10 elephants
  23 ugly things
  A phantasmal warrior (Vaults:2)
  5 cyclopes
  A salamander (shapeshifter) (Vaults:1)
  Maurice (D:9)
  4 centaur zombies
  12 vault sentinels
  5 black mambas
  21 spiny frogs
  A torpor snail (Spider:2)
  Prince Ribbit (D:9)
  3 naga magi (Depths:2)
  2 kobold demonologists (Vaults:2)
  4 fire drakes
  5 spectral swamp worms (Depths:2)
  8 demonic crawlers
  7 komodo dragons
  2 tengu conjurers
  28 yaktaurs
  7 trolls
  20 jumping spiders
  2 polar bears
  A freezing wraith (Vaults:2)
  10 two-headed ogres
  Grinder (D:4)
  A baby alligator (shapeshifter) (Depths:2)
  A blink frog (shapeshifter) (Vaults:1)
  7 ravens
  An air elemental (Depths:2)
  10 blink frogs
  4 baby alligators
  21 slime creatures
  2 basilisks
  5 bog bodies
  A fire giant simulacrum (Vaults:2)
  5 deep elf magi
  2 wargs
  A trapdoor spider (shapeshifter) (D:15)
  A spriggan (Swamp:2)
  A shadow (D:14)
  A tarantella (shapeshifter) (Vaults:1)
  30 redbacks
  16 trapdoor spiders
  23 tarantellas
  4 wraiths
  A water elemental (D:14)
  A vampire (Depths:2)
  4 fire elementals (Spider:3)
  Eustachio (Orc:2)
  2 wyverns
  33 yaks
  A steam dragon (D:9)
  A deep elf fighter (Vaults:2)
  A soldier ant (shapeshifter) (Depths:1)
  17 vampire mosquitoes
  4 hungry ghosts
  19 swamp worms
  10 hippogriffs
  2 mottled dragons
  19 wolves
  A mottled dragon (shapeshifter) (Vaults:1)
  19 water moccasins
  11 insubstantial wisps
  A hornet simulacrum (Vaults:1)
  39 spiders
  2 wasps
  3 boggarts (D:15)
  3 ice beasts
  11 swamp drakes
  12 porcupines
  2 black bears
  A black bear (shapeshifter) (Vaults:1)
  A necrophage (D:11)
  49 orc warriors
  3 hell hounds (Spider:3)
  2 phantoms
  2 boring beetles (shapeshifter)
  An ice beast (shapeshifter) (D:13)
  26 ogres
  3 sky beasts
  Duvessa (D:4)
  6 big kobolds
  A boring beetle (Lair:8)
  10 crocodiles
  26 giant frogs
  8 centaurs
  A human zombie (Vaults:1)
  Blork the orc (D:9)
  A brain worm (Lair:7)
  5 jellies
  A gnoll sergeant (D:7)
  A wyvern zombie (D:12)
  7 scorpions
  22 killer bees
  Dowan (D:4)
  A human simulacrum (Vaults:1)
  3 giant frog zombies
  11 hounds
  6 centaur skeletons
  A two-headed ogre skeleton (D:13)
  5 crimson imps
  11 iguanas
  2 quasits
  38 orc priests
  34 orc wizards
  16 worker ants
  8 sheep
  A hound zombie (D:11)
  2 mummies (D:13)
  A hound skeleton (D:4)
  A worker ant zombie (D:6)
  Robin (D:3)
  30 adders
  12 gnolls
  45 river rats
  5 shadow imps
  A giant mite (D:2)
  5 worms
  3 adder skeletons (D:4)
  An ooze (D:2)
  194 orcs
  19 bats
  2 bat skeletons
  A bat zombie (D:7)
  3 giant cockroaches
  30 goblins
  20 hobgoblins
  11 jackals
  26 kobolds
  7 quokkas
  A ball python (D:2)
  4 giant geckos
  3 giant newts
  An orc zombie (Vaults:1)
  2 quokka skeletons
  A quokka zombie (D:5)
  15 rats
1557 creatures vanquished.

Vanquished Creatures (collateral kills)
  2 emperor scorpions
  A vault guard (D:13)
  An ettin (Depths:2)
  The ghost of esc the Thrower, a powerful CeBe of Trog (Lair:1)
  2 hydras
  2 death yaks (Lair:8)
  A deep troll earth mage (Depths:1)
  An orb spider (Spider:5)
  A wandering mushroom (Spider:5)
  A swamp dragon (Swamp:5)
  A wizard (Depths:1)
  A deep troll (Depths:2)
  2 orc knights (Vaults:1)
  A necromancer (Vaults:2)
  An ugly thing (D:15)
  A cyclops (D:11)
  A centaur zombie (D:15)
  2 elephants (Lair:8)
  3 black mambas
  Joseph (D:12)
  8 spiny frogs
  A yaktaur (Depths:2)
  A vault sentinel (Vaults:1)
  2 komodo dragons
  A fire drake (Lair:4)
  A freezing wraith (Vaults:1)
  2 jumping spiders
  6 blink frogs
  7 slime creatures
  A basilisk (D:15)
  4 redbacks (Spider:1)
  4 tarantellas
  A tarantella (shapeshifter) (Vaults:1)
  A shadow (D:11)
  A hippogriff (D:7)
  A wyvern (D:13)
  2 vampire mosquitoes
  8 yaks
  A water moccasin (Lair:4)
  A swamp drake (Swamp:5)
  4 spiders
  3 orc warriors
  A wasp (D:8)
  3 ogres
  2 killer bees (D:9)
  An orc priest (Orc:3)
  An orc wizard (Orc:3)
  An adder (Lair:8)
  5 river rats (Lair:4)
  A giant gecko (D:11)
  5 orcs
  2 kobolds (D:8)
  An orc zombie (Vaults:1)
111 creatures vanquished.

Vanquished Creatures (others)
  3 thorn hunters (Swamp:5)
  2 stone giants (Vaults:2)
  A rakshasa (Vaults:2)
  A spriggan druid (Swamp:5)
  2 swamp dragons (Swamp:5)
  A shambling mangrove (Swamp:3)
  A wizard (D:3)
  An oklob plant (Lair:4)
  An ugly thing (Vaults:2)
  2 spiny frogs
  2 fire elementals
  2 redbacks
  An air elemental (Depths:2)
  3 swamp worms (Swamp:5)
  2 insubstantial wisps (Swamp:3)
  A vampire mosquito (Swamp:2)
  2 swamp drakes (Swamp:5)
  81 wandering mushrooms
  An orc priest (D:12)
  An orc wizard (D:12)
  3 orcs
  2 giant spores
  2 briar patches (Swamp:3)
  A bush (Lair:8)
  17 fungi
  24 plants
  1332 toadstools
1492 creatures vanquished.

Grand Total: 3160 creatures vanquished

Notes
Turn   | Place    | Note
--------------------------------------------------------------
     0 | D:1      | magipi, the Centaur Warper, began the quest for the Orb.
     0 | D:1      | Reached XP level 1. HP: 17/17 MP: 2/2
   303 | D:1      | Reached XP level 2. HP: 24/24 MP: 3/3
   312 | D:1      | Learned a level 2 spell: Blink
   322 | D:1      | Reached skill level 3 in Translocations
   717 | D:2      | Reached XP level 3. HP: 16/29 MP: 5/5
  1472 | D:3      | Reached XP level 4. HP: 36/36 MP: 5/5
  1494 | D:3      | Reached skill level 4 in Translocations
  1568 | D:3      | Found a bloodstained altar of Trog.
  1571 | D:3      | Noticed a wizard
  1695 | D:3      | Killed a wizard
  1740 | D:3      | Reached XP level 5. HP: 31/41 MP: 6/6
  2254 | D:3      | Noticed Robin
  2756 | D:3      | Reached XP level 6. HP: 33/48 MP: 8/8
  3474 | D:3      | Killed Robin
  3474 | D:3      | Reached skill level 5 in Translocations
  4169 | D:3      | Reached skill level 5 in Polearms
  4582 | D:4      | Got a smoking ring mail
  4594 | D:4      | Noticed Dowan
  4615 | D:5      | Entered Level 5 of the Dungeon
  4642 | D:5      | Reached XP level 7. HP: 55/55 MP: 8/8
  4694 | D:5      | Reached skill level 6 in Polearms
  4758 | D:5      | Identified the +3 ring mail "Podaw" {rElec rPois rN+} (You found it on level 4 of the Dungeon)
  5014 | D:5      | Found a sacrificial altar of Ru.
  5100 | D:5      | Found a white marble altar of Elyvilon.
  5230 | D:5      | Reached skill level 7 in Polearms
  5251 | D:5      | Found Caam's Food Shop.
  5301 | D:5      | Reached XP level 8. HP: 53/61 MP: 9/9
  5986 | D:4      | Noticed Grinder
  6058 | D:6      | Found a blossoming altar of Fedhas.
  6058 | D:6      | Found a shadowy altar of Dithmenos.
  6062 | D:6      | Became a worshipper of Fedhas Madash
  6315 | D:6      | Reached skill level 8 in Polearms
  6356 | D:6      | Found Liabb's Armour Boutique.
  6553 | D:6      | Noticed an angel
  6588 | D:6      | Got a dazzling ring mail
  6590 | D:6      | Found a shimmering altar of Xom.
  6590 | D:6      | Found a glowing silver altar of Zin.
  6677 | D:6      | Identified the +7 ring mail of Qulaxor {+Blink MR+ Str-2 Dex+3} (You found it on level 6 of the Dungeon)
  6800 | D:6      | Reached skill level 9 in Polearms
  7359 | D:7      | Acquired Fedhas' first power
  7435 | D:7      | Found a staircase to the Ecumenical Temple.
  7447 | Temple   | Entered the Ecumenical Temple
  7537 | D:7      | Reached XP level 9. HP: 67/67 MP: 11/11
  7547 | D:7      | Reached skill level 10 in Polearms
  8428 | D:8      | Acquired Fedhas' second power
  8445 | D:8      | Reached skill level 5 in Dodging
  9135 | D:9      | Noticed Blork the orc
  9145 | D:9      | Killed Blork the orc
  9356 | D:9      | Reached XP level 10. HP: 70/73 MP: 11/11
  9529 | D:9      | Found Pleassom's Antique Armour Emporium.
  9638 | D:9      | Found a radiant altar of Vehumet.
  9663 | D:9      | Noticed Prince Ribbit
 10185 | D:9      | Reached skill level 1 in Evocations
 10414 | D:9      | Noticed Maurice
 10499 | D:9      | Killed Maurice
 10875 | D:9      | Killed Prince Ribbit
 11075 | D:9      | Reached skill level 5 in Evocations
 11396 | D:10     | Entered Level 10 of the Dungeon
 11513 | D:10     | Got a heavily runed plate armour
 11634 | D:10     | Found a staircase to the Lair.
 11686 | D:10     | Acquired Fedhas' third power
 12332 | D:11     | Noticed a four-headed hydra
 12344 | D:11     | Killed a four-headed hydra
 12344 | D:11     | Reached XP level 11. HP: 79/79 MP: 19/21
 12669 | D:11     | Found Dadira's Distillery.
 12671 | D:11     | Noticed a cyclops
 12680 | D:11     | Noticed a four-headed hydra
 12685 | D:11     | Killed a cyclops
 12690 | D:11     | Killed a four-headed hydra
 12700 | D:11     | Bought a potion of restore abilities for 60 gold pieces
 12700 | D:11     | Bought a potion of invisibility for 96 gold pieces
 12700 | D:11     | Bought a potion of berserk rage for 60 gold pieces
 13034 | D:12     | Reached skill level 10 in Evocations
 13533 | D:12     | Identified the cursed +0 plate armour of the Black Moon {rF+ rN+ rCorr Str+3 Int+4 Dex-4} (You found it on level 10 of the Dungeon)
 13574 | D:12     | Found a staircase to the Orcish Mines.
 13829 | D:12     | Noticed Joseph
 13845 | D:12     | Killed Joseph
 14577 | D:12     | HP: 2/79 [something (27)]
 15087 | Lair:1   | Entered Level 1 of the Lair of Beasts
 15152 | Lair:1   | Noticed esc's ghost (powerful CeBe)
 15343 | Lair:1   | Reached skill level 11 in Evocations
 16360 | Lair:2   | Reached skill level 1 in Shields
 16618 | Lair:2   | Noticed Harold
 16663 | Lair:2   | Killed Harold
 17730 | Lair:3   | Reached XP level 12. HP: 62/85 MP: 25/25
 17865 | Lair:3   | Acquired Fedhas' fourth power
 18188 | Lair:4   | Reached skill level 5 in Shields
 18661 | Lair:4   | Found a hole to the Spider Nest.
 18751 | Lair:4   | Noticed a four-headed hydra
 18791 | Lair:4   | Killed a four-headed hydra
 19645 | Lair:3   | Noticed a five-headed hydra
 19689 | Lair:3   | Killed a five-headed hydra
 20367 | Lair:5   | Noticed a four-headed hydra
 20458 | Lair:5   | Killed a four-headed hydra
 20514 | Lair:5   | Noticed Nergalle
 20850 | Lair:6   | Found a staircase to the Swamp.
 21253 | Lair:6   | Noticed a four-headed hydra
 21308 | Lair:6   | Killed a four-headed hydra
 21308 | Lair:6   | Reached XP level 13. HP: 93/96 MP: 26/26
 21408 | Lair:6   | Noticed a six-headed hydra
 21466 | Lair:6   | Killed a six-headed hydra
 22599 | Lair:7   | Reached skill level 5 in Fighting
 22975 | Lair:7   | Got an encrusted shield
 22986 | Lair:7   | Identified the +2 shield of Inference {rF+ Dex+2} (You found it on level 7 of the Lair of Beasts)
 23427 | Lair:8   | Entered Level 8 of the Lair of Beasts
 23762 | Lair:8   | Found a staircase to the Slime Pits.
 27110 | Lair:8   | Reached XP level 14. HP: 84/116 MP: 27/27
 27652 | Lair:8   | Got a twitching amber ring
 27654 | Lair:8   | Identified the ring "Klusmid" {+cTele Stlth+} (You found it on level 8 of the Lair of Beasts)
 27910 | Lair:5   | Noticed a five-headed hydra
 28309 | Lair:4   | Found a deep blue altar of Sif Muna.
 28333 | Lair:4   | Reached skill level 1 in Armour
 28333 | Lair:4   | Reached skill level 10 in Dodging
 28645 | Lair:5   | Acquired Fedhas' fifth power
 28897 | Lair:3   | Noticed a four-headed hydra
 28930 | Lair:3   | Killed a four-headed hydra
 30058 | Lair:1   | Killed esc's ghost
 31400 | D:13     | Found a gate to the Vaults.
 31656 | Orc:1    | Entered Level 1 of the Orcish Mines
 32146 | Orc:1    | Noticed Eustachio
 32310 | Orc:2    | Killed Eustachio
 32919 | Orc:4    | Entered Level 4 of the Orcish Mines
 32919 | Orc:4    | Found a staircase to the Elven Halls.
 33164 | Orc:3    | You fall through a shaft!
 33171 | Orc:4    | Found Areblyuz's Distillery.
 33662 | Orc:2    | Found a shimmering altar of Xom.
 33730 | Orc:2    | Found Klukhuan's Magic Scroll Boutique.
 34158 | Orc:4    | Bought a potion of haste for 160 gold pieces
 34158 | Orc:4    | Bought a potion of heal wounds for 80 gold pieces
 34158 | Orc:4    | Bought a potion of heal wounds for 80 gold pieces
 34158 | Orc:4    | Bought 2 potions of might for 128 gold pieces
 34158 | Orc:4    | Bought a potion of agility for 64 gold pieces
 34349 | Orc:4    | Noticed Donald
 34594 | Orc:4    | Killed Donald
 35804 | Orc:4    | Reached skill level 5 in Armour
 36336 | Orc:4    | Found Utiel's Distillery.
 36336 | Orc:4    | Found Gearaute's Book Shoppe.
 36336 | Orc:4    | Found Xetil's Food Shoppe.
 36337 | Orc:4    | Found Mnymmiagg's Food Emporium.
 36348 | Orc:4    | Bought a potion of lignification for 36 gold pieces
 36353 | Orc:4    | Bought a book of Air for 525 gold pieces
 36716 | D:13     | Noticed Nessos
 37106 | D:13     | Killed Nessos
 37236 | D:13     | Learned a level 2 spell: Repel Missiles
 37296 | D:13     | Reached skill level 1 in Charms
 37296 | D:13     | Reached skill level 1 in Air Magic
 37327 | D:13     | Reached XP level 15. HP: 118/124 MP: 28/28
 37739 | D:13     | Found a shadowy altar of Dithmenos.
 39331 | D:14     | Found an ancient bone altar of Kikubaaqudgha.
 40323 | Lair:3   | Reached skill level 1 in Invocations
 40407 | Swamp:1  | Entered Level 1 of the Swamp
 41659 | Swamp:1  | Reached skill level 5 in Invocations
 43662 | Swamp:3  | Noticed Rupert
 43754 | Swamp:3  | Reached skill level 1 in Bows
 43994 | Swamp:3  | Noticed a thorn hunter
 44093 | Swamp:3  | Found a shattered altar of Ashenzari.
 45081 | Swamp:4  | Noticed a thorn hunter
 45346 | Swamp:5  | Entered Level 5 of the Swamp
 45346 | Swamp:5  | Noticed a thorn hunter
 45367 | Swamp:5  | Got a distressingly furry helmet
 45380 | Swamp:5  | Identified the +1 helmet of the Carpenter {Str+5 Int-4} (You found it on level 5 of the Swamp)
 45491 | Swamp:5  | Killed a thorn hunter
 45522 | Swamp:5  | Killed a thorn hunter
 45578 | Swamp:5  | Learned a level 3 spell: Portal Projectile
 45608 | Swamp:5  | Reached skill level 5 in Bows
 45634 | Swamp:5  | Killed a thorn hunter
 46516 | Swamp:5  | Reached XP level 16. HP: 95/132 MP: 29/29
 46789 | Swamp:5  | Noticed a thorn hunter
 47189 | Swamp:5  | Got a decaying rune of Zot
 47637 | Spider:1 | Entered Level 1 of the Spider Nest
 48300 | Spider:1 | Reached skill level 10 in Bows
 49980 | Spider:1 | Reached skill level 12 in Bows
 51295 | Spider:2 | Reached skill level 13 in Bows
 51446 | Spider:2 | Noticed Agnes
 51463 | Spider:2 | Killed Agnes
 52092 | Spider:2 | Identified the Disquisition on Displacement
 52160 | Spider:2 | Reached skill level 14 in Bows
 53160 | Spider:3 | Noticed Azrael
 54505 | Spider:3 | Reached skill level 15 in Bows
 54517 | Spider:3 | Killed Azrael
 55035 | Spider:4 | Noticed Arachne
 55073 | Spider:4 | Killed Arachne
 55232 | Spider:4 | Noticed Mara
 56115 | Spider:5 | Entered Level 5 of the Spider Nest
 57814 | Spider:5 | Reached XP level 17. HP: 82/139 MP: 20/29
 59239 | D:15     | Entered Level 15 of the Dungeon
 59324 | D:15     | Reached skill level 10 in Fighting
 60478 | D:15     | Found a staircase to the Depths.
 60634 | D:15     | Found an ancient bone altar of Kikubaaqudgha.
 61207 | D:15     | Upgraded the game from 0.16.0-8-gd9ae3a8 to 0.16.0-11-gd45b091
 61303 | Vaults:1 | Entered Level 1 of the Vaults
 61725 | Vaults:1 | Noticed Saint Roka
 61986 | Vaults:1 | Killed Saint Roka
 63679 | Depths:1 | Entered Level 1 of the Depths
 63698 | Depths:1 | Found a gateway to a ziggurat.
 64163 | Depths:1 | Found a gateway to Hell.
 64198 | Depths:1 | Noticed Wiglaf
 64222 | Depths:1 | Killed Wiglaf
 64719 | Depths:1 | Found Kliasaby's Book Shop.
 64884 | Depths:1 | Found a one-way gate to the infinite horrors of the Abyss.
 65415 | Depths:2 | Noticed Asterion
 66124 | Depths:2 | Reached skill level 16 in Bows
 66303 | Depths:2 | Killed Asterion
 66303 | Depths:2 | Reached XP level 18. HP: 56/151 MP: 9/30
 67821 | Depths:2 | Identified a scroll of acquirement
 68255 | Depths:2 | Reached skill level 17 in Bows
 68837 | Depths:2 | Noticed a lich
 70215 | D:4      | Killed Grinder
 70531 | D:4      | Found an iron altar of Okawaru.
 70534 | D:4      | Noticed Duvessa
 70536 | D:4      | Killed Duvessa
 70537 | D:4      | Killed Dowan
 72084 | Vaults:1 | Reached skill level 18 in Bows
 72457 | Orc:2    | Bought a scroll of enchant weapon for 90 gold pieces
 72457 | Orc:2    | Bought a scroll of enchant armour for 90 gold pieces
 72457 | Orc:2    | Bought a scroll of teleportation for 36 gold pieces
 72578 | Orc:4    | Bought a potion of haste for 120 gold pieces
 72578 | Orc:4    | Bought a potion of heal wounds for 60 gold pieces
 72578 | Orc:4    | Bought a potion of heal wounds for 60 gold pieces
 72578 | Orc:4    | Bought a potion of berserk rage for 60 gold pieces
 72578 | Orc:4    | Bought a potion of agility for 48 gold pieces
 72732 | Orc:4    | Bought a bread ration for 60 gold pieces
 72732 | Orc:4    | Bought a bread ration for 60 gold pieces
 72732 | Orc:4    | Bought a meat ration for 60 gold pieces
 72734 | Orc:4    | Bought a beef jerky for 19 gold pieces
 72734 | Orc:4    | Bought a bread ration for 65 gold pieces
 72734 | Orc:4    | Bought a bread ration for 65 gold pieces
 72734 | Orc:4    | Bought a meat ration for 65 gold pieces
 72734 | Orc:4    | Bought a bread ration for 65 gold pieces
 72734 | Orc:4    | Bought a meat ration for 65 gold pieces
 72734 | Orc:4    | Bought a meat ration for 65 gold pieces
 74095 | Vaults:1 | Paralysed by a hornet for 2 turns
 74450 | Vaults:1 | Upgraded the game from 0.16.0-11-gd45b091 to 0.16.0-16-g311141a
 78063 | Vaults:2 | Reached XP level 19. HP: 160/160 MP: 18/31
 78144 | Vaults:2 | Learned a level 4 spell: Passage of Golubria
 78144 | Vaults:2 | Upgraded the game from 0.16.0-16-g311141a to 0.16.0-17-g811c1d7
 78929 | Vaults:2 | Upgraded the game from 0.16.0-17-g811c1d7 to 0.16.1-2-g95b8d4c
 80516 | Depths:2 | Noticed a lich
 80529 | Depths:2 | Killed a lich
 80556 | Depths:2 | Found a runed door.
 80708 | Depths:2 | Killed a lich
 80708 | Depths:2 | Reached skill level 10 in Translocations
 81231 | Depths:2 | Found a radiant altar of Vehumet.
 81231 | Depths:2 | Noticed an ancient lich
 81252 | Depths:2 | Blown up by an ancient lich

Action                   |  1- 3 |  4- 6 |  7- 9 | 10-12 | 13-15 | 16-18 | 19-21 || total
-------------------------+-------+-------+-------+-------+-------+-------+-------++-------
Melee: Spear             |   137 |   189 |       |       |       |       |       ||   326
       Trident           |       |    54 |   452 |  1244 |  3020 |  1918 |   144 ||  6832
       Longbow           |       |       |       |       |       |     2 |       ||     2
 Fire: Blowgun           |       |       |       |    13 |   195 |       |       ||   208
       Longbow           |       |       |       |       |       |  1164 |   183 ||  1347
Throw: Throwing net      |       |       |       |       |     2 |     3 |       ||     5
       Tomahawk          |       |       |       |       |       |     5 |       ||     5
 Cast: Blink             |       |     1 |       |       |     1 |    10 |       ||    12
       Repel Missiles    |       |       |       |       |     3 |    11 |     2 ||    16
       Portal Projectile |       |       |       |       |       |   113 |    30 ||   143
       Apportation       |       |       |       |       |       |     7 |     2 ||     9
Invok: Evolution         |       |       |     1 |    17 |    27 |    42 |     2 ||    89
       Sunlight          |       |       |       |       |     2 |     7 |     5 ||    14
Evoke: Wand              |       |       |     1 |     6 |     6 |    27 |     5 ||    45
       Lamp of fire      |       |       |       |       |       |     4 |     1 ||     5
  Use: Potion            |       |     2 |     2 |     6 |     2 |    15 |     2 ||    29
       Scroll            |       |     3 |    15 |    12 |    12 |    19 |     2 ||    63
 Stab: Confused          |       |       |     1 |     3 |     7 |    20 |     2 ||    33
       Invisible         |       |       |       |     3 |       |    13 |       ||    16
       Sleeping          |       |       |       |     1 |       |       |       ||     1
       Distracted        |       |       |       |       |     7 |     3 |       ||    10
  Eat: Chunk             |     1 |     9 |     6 |    25 |    24 |    23 |     1 ||    89
       Beef jerky        |       |       |     2 |     1 |     3 |     1 |       ||     7
       Bread ration      |       |       |     1 |     1 |     4 |     8 |     2 ||    16
       Royal jelly       |       |       |       |     1 |     2 |     2 |       ||     5
       Meat ration       |       |       |       |       |     5 |     8 |     1 ||    14
       Pizza             |       |       |       |       |       |     1 |       ||     1
       Fruit             |       |       |       |       |       |     2 |       ||     2

Action                   |  1- 3 |  4- 6 |  7- 9 | 10-12 | 13-15 | 16-18 | 19-21 || total
-------------------------+-------+-------+-------+-------+-------+-------+-------++-------
Melee: Spear             |   137 |   189 |       |       |       |       |       ||   326
       Trident           |       |    54 |   452 |  1244 |  3020 |  1918 |   144 ||  6832
       Longbow           |       |       |       |       |       |     2 |       ||     2
 Fire: Blowgun           |       |       |       |    13 |   195 |       |       ||   208
       Longbow           |       |       |       |       |       |  1164 |   183 ||  1347
Throw: Throwing net      |       |       |       |       |     2 |     3 |       ||     5
       Tomahawk          |       |       |       |       |       |     5 |       ||     5
 Cast: Blink             |       |     1 |       |       |     1 |    10 |       ||    12
       Repel Missiles    |       |       |       |       |     3 |    11 |     2 ||    16
       Portal Projectile |       |       |       |       |       |   113 |    30 ||   143
       Apportation       |       |       |       |       |       |     7 |     2 ||     9
Invok: Evolution         |       |       |     1 |    17 |    27 |    42 |     2 ||    89
       Sunlight          |       |       |       |       |     2 |     7 |     5 ||    14
Evoke: Wand              |       |       |     1 |     6 |     6 |    27 |     5 ||    45
       Lamp of fire      |       |       |       |       |       |     4 |     1 ||     5
  Use: Potion            |       |     2 |     2 |     6 |     2 |    15 |     2 ||    29
       Scroll            |       |     3 |    15 |    12 |    12 |    19 |     2 ||    63
 Stab: Confused          |       |       |     1 |     3 |     7 |    20 |     2 ||    33
       Invisible         |       |       |       |     3 |       |    13 |       ||    16
       Sleeping          |       |       |       |     1 |       |       |       ||     1
       Distracted        |       |       |       |       |     7 |     3 |       ||    10
  Eat: Chunk             |     1 |     9 |     6 |    25 |    24 |    23 |     1 ||    89
       Beef jerky        |       |       |     2 |     1 |     3 |     1 |       ||     7
       Bread ration      |       |       |     1 |     1 |     4 |     8 |     2 ||    16
       Royal jelly       |       |       |       |     1 |     2 |     2 |       ||     5
       Meat ration       |       |       |       |       |     5 |     8 |     1 ||    14
       Pizza             |       |       |       |       |       |     1 |       ||     1
       Fruit             |       |       |       |       |       |     2 |       ||     2

Action                   |  1- 3 |  4- 6 |  7- 9 | 10-12 | 13-15 | 16-18 | 19-21 || total
-------------------------+-------+-------+-------+-------+-------+-------+-------++-------
Melee: Spear             |   137 |   189 |       |       |       |       |       ||   326
       Trident           |       |    54 |   452 |  1244 |  3020 |  1918 |   144 ||  6832
       Longbow           |       |       |       |       |       |     2 |       ||     2
 Fire: Blowgun           |       |       |       |    13 |   195 |       |       ||   208
       Longbow           |       |       |       |       |       |  1164 |   183 ||  1347
Throw: Throwing net      |       |       |       |       |     2 |     3 |       ||     5
       Tomahawk          |       |       |       |       |       |     5 |       ||     5
 Cast: Blink             |       |     1 |       |       |     1 |    10 |       ||    12
       Repel Missiles    |       |       |       |       |     3 |    11 |     2 ||    16
       Portal Projectile |       |       |       |       |       |   113 |    30 ||   143
       Apportation       |       |       |       |       |       |     7 |     2 ||     9
Invok: Evolution         |       |       |     1 |    17 |    27 |    42 |     2 ||    89
       Sunlight          |       |       |       |       |     2 |     7 |     5 ||    14
Evoke: Wand              |       |       |     1 |     6 |     6 |    27 |     5 ||    45
       Lamp of fire      |       |       |       |       |       |     4 |     1 ||     5
  Use: Potion            |       |     2 |     2 |     6 |     2 |    15 |     2 ||    29
       Scroll            |       |     3 |    15 |    12 |    12 |    19 |     2 ||    63
 Stab: Confused          |       |       |     1 |     3 |     7 |    20 |     2 ||    33
       Invisible         |       |       |       |     3 |       |    13 |       ||    16
       Sleeping          |       |       |       |     1 |       |       |       ||     1
       Distracted        |       |       |       |       |     7 |     3 |       ||    10
  Eat: Chunk             |     1 |     9 |     6 |    25 |    24 |    23 |     1 ||    89
       Beef jerky        |       |       |     2 |     1 |     3 |     1 |       ||     7
       Bread ration      |       |       |     1 |     1 |     4 |     8 |     2 ||    16
       Royal jelly       |       |       |       |     1 |     2 |     2 |       ||     5
       Meat ration       |       |       |       |       |     5 |     8 |     1 ||    14
       Pizza             |       |       |       |       |       |     1 |       ||     1
       Fruit             |       |       |       |       |       |     2 |       ||     2
